 Dungeon Crawl Stone Soup version 0.28.0-1-gb440e238dd (webtiles) character file.

Game seed: 16278087178646831494

3006 Peloso the Carver (level 9, -6/72 (79) HPs)
             Began as a Minotaur Fighter on Feb 20, 2022.
             Was a Believer of Okawaru.
             Killed from afar by Maurice (11 damage)
             ... with a puff of flame
             ... on level 8 of the Dungeon.
             The game lasted 00:12:57 (7566 turns).

Peloso the Carver (Minotaur Fighter)                Turns: 7566, Time: 00:12:58

HP:   -6/72 (79)    AC: 15    Str: 30    XL:     9   Next: 54%
MP:   9/9           EV:  8    Int:  5    God:    Okawaru [**....]
Gold: 298           SH:  5    Dex: 11    Spells: 8/8 levels left

rFire   . . .      SeeInvis .   a - +0 long sword
rCold   . . .      Faith    .   c - +0 buckler
rNeg    . . .      Spirit   .   g - +0 plate armour
rPois   .          Reflect  .   (helmet restricted)
rElec   .          Harm     .   (no cloak)
rCorr   .          Rampage  .   (no gloves)
Will    .....                   l - +0 pair of boots
Stlth   ..........              (no amulet)
HPRegen 0.22/turn               t - +6 ring of strength
MPRegen 0.11/turn               (no ring)

@: drained
A: horns 2, retaliatory headbutt
a: Renounce Religion, Heroism


You were on level 8 of the Dungeon.
You worshipped Okawaru.
Okawaru was pleased with you.
You visited 1 branch of the dungeon, and saw 8 of its levels.

You collected 298 gold pieces.

Inventory:

Hand Weapons
 a - a +0 long sword (weapon)
 b - the +7 hand axe of Rotation {venom, +Blink rElec Str-2 Int+4}
   (You found it on level 3 of the Dungeon)

   It poisons the flesh of those it strikes.
   Str:       It affects your strength (-2).
   Int:       It affects your intelligence (+4).
   rElec:     It insulates you from electricity.
   +Blink:    It lets you blink.
Armour
 c - a +0 buckler (worn)
 g - a +0 plate armour (worn)
 l - a +0 pair of boots (worn)
Jewellery
 j - an amulet of guardian spirit
 k - a ring of flight
 t - a +6 ring of strength (left hand)
 x - a ring of protection from fire
Wands
 q - a wand of paralysis (7)
 v - a wand of mindburst (9)
 y - a wand of digging (3)
Scrolls
 e - a scroll of noise
 f - a scroll of teleportation
 i - 2 scrolls of amnesia
 m - a scroll of fog {unknown}
 o - 2 scrolls of enchant armour {unknown}
 p - a scroll of magic mapping {unknown}
 r - a scroll of blinking {unknown}
 w - a scroll of holy word {unknown}
 z - a scroll of enchant weapon {unknown}
Potions
 d - 3 potions of brilliance {unknown}
 h - 2 potions of curing
 n - a potion of resistance {unknown}
 s - a potion of mutation {unknown}
 u - a potion of ambrosia {unknown}
 A - a potion of lignification {unknown}
 B - a potion of might


   Skills:
 + Level 7.0 Fighting
 + Level 10.4 Long Blades
 + Level 9.3 Armour
 + Level 2.2 Dodging
 + Level 0.2 Stealth
 + Level 6.4 Shields
 + Level 1.4 Invocations


You had 8 spell levels left.
You didn't know any spells.
Your spell library contained the following spells:

 Spells                   Type           Power      Damage    Failure   Level
 Shock                    Conj/Air       0%         1d3       99%         1
 Swiftness                Air            0%         N/A       100%        3
 Airstrike                Air            0%         N/A       100%        4


Dungeon Overview and Level Annotations

Branches:
Dungeon (8/15)             Temple (0/1) D:4
   Lair: D:8-11

Altars:
Ashenzari
Dithmenos
Okawaru
Uskayaw
Wu Jian
Yredelemnul

Shops:
D:3 (   D:5 *

Annotations:
D:7 2 transporters, exclusion: oklob plant, glosham's ghost, novice OpDe
D:8 Maurice


Innate Abilities, Weirdness & Mutations

You have a pair of horns on your head.
You reflexively headbutt those who attack you in melee.


Message History

The wight hits you from afar with a +3 spear of freezing.
You feel drained. The wight freezes you. You block the wight's attack.
You hear a shout! x3; You hear an angry hiss.
You hear a shout!
You hear a bellow! x2; You hear a shout!
You hear a bellow! x2
You hear a shout!
You closely miss the howler monkey. Your headbutt misses the howler monkey.
The howler monkey is severely wounded.
The howler monkey hits you. The wight closely misses you.
Unknown command.
You barely miss the howler monkey.
The howler monkey is severely wounded.
The howler monkey barely misses you.
The wight hits you from afar with a +5 spear.
* * * LOW HITPOINT WARNING * * *
You feel drained.
* * * LOW HITPOINT WARNING * * *
You block the wight's attack.
The howler monkey hits you but does no damage.
You completely miss the howler monkey.
The howler monkey is severely wounded.
The wight hits you from afar with a +5 spear!
* * * LOW HITPOINT WARNING * * *
The howler monkey hits you but does no damage.
The wight hits you from afar with a +3 spear of freezing.
* * * LOW HITPOINT WARNING * * *
You feel drained.
* * * LOW HITPOINT WARNING * * *
The wight freezes you.
* * * LOW HITPOINT WARNING * * *
The howler monkey hoots and howls with incredible vigour!
You hear an angry hiss.
You hear a bellow!
Maurice appears from thin air!
Reactivating autopickup.
Maurice zaps a wand.
The puff of flame hits you but does no damage.
The howler monkey hoots and howls with incredible vigour!
You hear a shout!
You hear a bellow!
An orc wizard comes into view. It is wielding a +0 dagger.
Maurice zaps a wand.
The puff of flame hits you!
You die...

##...###......#
##...##......#
##..........#
#...#......#
########.#..<.....#
#....................
#.....♣._.♣..........
#...................
#........@.#####...## .
#..............(.#......
###.....###z......##.....
#....@.................
#.....####..o...##.....
#..)....hz.............
#......###......##.....
######..##.........#
##..#......#.##


You could see Maurice (swift), a wight and an orc wizard.

Vanquished Creatures
  Sigmund (D:2)
  Eustachio (D:5)
  A steam dragon (D:7)
  Edmund (D:6)
  2 water moccasins
  3 orc warriors
  A necrophage (D:7)
  A phantom (D:6)
  2 kobold brigands (D:7)
  2 bullfrogs
  A scorpion (D:4)
  15 wights
  3 jellies
  2 howler monkeys
  A bullfrog zombie (D:5)
  3 centaur skeletons
  3 hounds
  3 orc priests
  2 bullfrog skeletons (D:6)
  An iguana (D:4)
  4 orc wizards
  A howler monkey zombie (D:8)
  Robin (D:4)
  5 gnolls
  A howler monkey skeleton (D:6)
  5 adders
  2 white imps
  2 ufetubi
  2 dart slugs
  14 orcs
  2 endoplasms
  3 giant cockroaches
  12 goblins
  9 hobgoblins
  3 quokkas
  6 ball pythons
  2 bats (D:3)
  6 frilled lizards
  8 kobolds
  4 rats
141 creatures vanquished.

Notes
Turn   | Place    | Note
-------+----------+-------------------------------------------
     0 | D:1      | Peloso the Minotaur Fighter began the quest for the Orb.
     0 | D:1      | Reached XP level 1. HP: 19/19 MP: 0/0
    12 | D:1      | Reached XP level 2. HP: 11/27 MP: 1/1
   322 | D:1      | Found a faded altar of an unknown god.
  1029 | D:2      | Reached XP level 3. HP: 33/33 MP: 2/2
  1098 | D:2      | Noticed Sigmund
  1105 | D:2      | Killed Sigmund
  1106 | D:2      | Reached skill level 4 in Long Blades
  1106 | D:2      | Reached skill level 5 in Armour
  1106 | D:2      | Reached skill level 1 in Dodging
  1106 | D:2      | Reached XP level 4. HP: 16/41 MP: 3/3
  1106 | D:2      | Reached XP level 5. HP: 18/47 MP: 4/4
  1930 | D:3      | Found Beumais's Weapon Shoppe.
  2356 | D:3      | Reached XP level 6. HP: 49/53 MP: 5/5
  2394 | D:3      | Identified the +7 hand axe of Rotation {venom, +Blink rElec
                  | Str-2 Int+4}
  2455 | D:3      | Found an iron altar of Okawaru.
  2460 | D:3      | Became a worshipper of Warmaster Okawaru
  2596 | D:4      | Noticed Robin
  2597 | D:4      | Found a staircase to the Ecumenical Temple.
  2626 | D:4      | Killed Robin
  2923 | D:4      | Found a broken altar of Ashenzari.
  3016 | D:4      | Reached skill level 5 in Long Blades
  3327 | D:4      | Reached skill level 5 in Fighting
  3354 | D:4      | Reached skill level 6 in Long Blades
  3629 | D:5      | Entered Level 5 of the Dungeon
  3649 | D:5      | Reached XP level 7. HP: 61/61 MP: 6/6
  3716 | D:5      | Reached * piety under Okawaru
  3749 | D:5      | HP: 3/61 [orc warrior (2)]
  4129 | D:5      | Noticed Eustachio
  4139 | D:5      | Reached skill level 7 in Long Blades
  4215 | D:5      | Killed Eustachio
  4216 | D:5      | Reached skill level 5 in Shields
  4241 | D:6      | Reached XP level 8. HP: 66/69 MP: 7/7
  4242 | D:6      | Noticed Edmund
  4499 | D:6      | Reached skill level 8 in Long Blades
  4599 | D:6      | Reached ** piety under Okawaru
  4712 | D:6      | Killed Edmund
  5018 | D:6      | Reached skill level 9 in Long Blades
  5552 | D:7      | Reached XP level 9. HP: 46/77 MP: 8/8
  5598 | D:7      | Reached skill level 10 in Long Blades
  6262 | D:7      | Noticed an oklob plant
  6304 | D:7      | Found a faded altar of an unknown god.
  6304 | D:7      | Found an ornate altar of the Wu Jian Council.
  6312 | D:7      | Found a shadowy altar of Dithmenos.
  6319 | D:7      | Found a faded altar of an unknown god.
  6321 | D:7      | Found a hide-covered altar of Uskayaw.
  6364 | D:7      | Noticed glosham's ghost (novice OpDe)
  6392 | D:7      | Found a transporter.
  6394 | D:7      | Found a transporter.
  6533 | D:7      | Reached skill level 1 in Invocations
  7077 | D:5      | Found Xunyken's Neck Hole.
  7466 | D:8      | Found a basalt altar of Yredelemnul.
  7534 | D:8      | Noticed Maurice
  7559 | D:8      | HP: 3/72 [wight (1)]
  7566 | D:8      | Killed from afar by Maurice

Illustrated notes

Levels and vault maps discovered:
D:1:      scummos_arrival_simple_crosswalls, layout_basic,
          dilly_ecumenical_altar_fadedgnrine, grunt_decor_clamped
D:2:      layout_loops_ring, uniq_sigmund
D:3:      layout_basic, marbit_many_paths, serial_shops, nicolae_shop_crystal,
          minmay_quantized
D:4:      layout_basic, ashenzari_altar_1, minmay_temple_entry_large_hall,
          uniq_robin
D:5:      layout_basic, nicolae_concentric_dashed_squares_mild,
          nicolae_shop_sticking_my_neck_out, uniq_eustachio
D:6:      layout_cave_pools, minivault_11, uniq_edmund
D:7:      layout_rooms, chequers_temple_overflow_minitemple, nzn_ghost_randoct,
          hangedman_glass_teeth, minivault_22
D:8:      layout_rooms, mainiacjoe_overflow_tiny_flanked, uniq_maurice

Skill      XL: |  1  2  3  4  5  6  7  8  9 |
---------------+----------------------------+-----
Armour         | 4 5 6 8 9 |  9.3
Fighting       | 4 5 6 7 |  7.0
Shields        | 4 5 6 |  6.4
Long Blades    | 4 6 7 9 10 | 10.4
Dodging        | 1 2 |  2.2
Invocations    | 1 |  1.4
Stealth        | |  0.2

Action                   |  1- 3 |  4- 6 |  7- 9 || total
-------------------------+-------+-------+-------++-------
Melee: Long sword        |    41 |   110 |   281 ||   432
       Headbutt          |     4 |    17 |    54 ||    75
Invok: Heroism           |       |       |     8 ||     8
  Use: Scroll            |     3 |       |     3 ||     6
       Potion            |     1 |       |       ||     1
Armor: Scale mail        |    22 |     1 |       ||    23
       Plate armour      |       |    85 |   175 ||   260
Dodge: Dodged            |    17 |    34 |   117 ||   168
Block: Buckler           |    10 |    32 |    59 ||   101
